 Dungeon Crawl Stone Soup version 0.26.1-11-gd32895ea62 (webtiles) character file.

Game seed: 11881345763270767302

150 Zeld the Twirler (level 5, 0/34 HPs)
             Began as an Octopode Gladiator on May 22, 2021.
             Slain by a gnoll
             ... wielding a +0 spear
              (3 damage)
             ... on level 3 of the Dungeon.
             The game lasted 00:03:47 (2629 turns).

Zeld the Twirler (Octopode Gladiator)               Turns: 2629, Time: 00:03:47

Health: 0/34       AC:  1    Str: 14    XL:     5   Next: 32%
Magic:  5/5        EV: 14    Int: 11    God:
Gold:   106        SH:  0    Dex: 13    Spells: 4/4 levels left

rFire    . . .     SeeInvis .   a - +0 quarterstaff
rCold    . . .     Faith    .   (shield currently unavailable)
rNeg     . . .     Spirit   .   b - +0 hat
rPois    .         Reflect  .   (no amulet)
rElec    .         Harm     .   (no ring)
rCorr    .         Rampage  .   (no ring)
Will     .....                  (no ring)
Stlth    ++........             (no ring)
HPRegen  0.11/turn              (no ring)
MPRegen  0.09/turn              (no ring)
                                (no ring)
                                (no ring)

@: no status effects
A: almost no armour, stealthy swim, amphibious, 8 rings, constrict 8, camouflage
1, gelatinous body 1
a: no special abilities


You were on level 3 of the Dungeon.
You visited 1 branch of the dungeon, and saw 3 of its levels.

You collected 106 gold pieces.

Inventory:

Hand Weapons
 a - a +0 quarterstaff (weapon)
Missiles
 c - 3 throwing nets
 e - 19 poisoned darts (quivered)
Armour
 b - a +0 hat (worn)
Jewellery
 n - an uncursed ring of poison resistance {unknown}
 p - an uncursed ring of ice {unknown}
Scrolls
 d - 2 scrolls of magic mapping {unknown}
 f - 5 scrolls of identify {unknown}
 j - a scroll of teleportation {unknown}
 k - a scroll of enchant weapon {unknown}
 o - 2 scrolls of remove curse {unknown}
Potions
 g - 2 potions of curing {unknown}
 h - a potion of ambrosia {unknown}
 i - 2 potions of mutation {unknown}
 l - 2 potions of might {unknown}
 m - a potion of heal wounds {unknown}
 q - a potion of flight {unknown}


   Skills:
 - Level 2.0 Fighting
 * Level 5.8 Staves
 - Level 2.0 Throwing
 - Level 3.0 Dodging


You had 4 spell levels left.
You didn't know any spells.
Your spell library was empty.

Dungeon Overview and Level Annotations

Branches:
Dungeon (3/15)

Altars:
Elyvilon


Innate Abilities, Weirdness & Mutations

You cannot wear most types of armour.
You are very stealthy in the water. (Stealth+)
You are amphibious.
You can wear up to eight rings at the same time.
You can use your tentacles to constrict eight enemies at once.
Your skin changes colour to match your surroundings (Stealth+).
Your rubbery body absorbs attacks. (AC +1, EV +1)


Message History

There is a stone staircase leading up here.
The gnoll hits you with a +0 spear!
You hit the gnoll but do no damage. You grab the gnoll.
Your squeeze misses the gnoll. You constrict the gnoll.
The gnoll barely misses you.
You hit the gnoll but do no damage. You squeeze the gnoll.
The gnoll is heavily wounded.
You constrict the gnoll. The gnoll hits you with a +0 spear!
You are too injured to fight recklessly!
You are too injured to fight recklessly!
You hit the gnoll.
You kill the gnoll!
The gnoll hits you from afar with a +0 spear.
* * * LOW HITPOINT WARNING * * *
You see here a +0 spear.
Found a cloak.
The gnoll hits you from afar with a +0 spear!
* * * LOW HITPOINT WARNING * * *
The gnoll hits you from afar with a +0 spear.
You die...

#..#####....# #.#
#....#...##.# #.#
...#...<#.######.####
#....#.#......g.....
##...#)#........#<..
#.g.#....######....
##.#g..#(.# #.....
#...#.##.# #(..(.
#@#...#..####.....
#.##.......[...(..
#.##.#.########...
#.##.#.# ##.#
.......# #.# ... ##
#.# #.# #.# #.. .# .#


You could see 2 gnolls.

Vanquished Creatures
  Jessica (D:2)
  4 adders
  2 gnolls (D:3)
  3 worms
  3 dart slugs
  3 leopard geckos
  7 bats
  3 giant cockroaches
  6 goblins
  6 hobgoblins
  3 jackals (D:1)
  2 frilled lizards
  4 kobolds
  4 rats
51 creatures vanquished.

Notes
Turn   | Place    | Note
-------+----------+-------------------------------------------
     0 | D:1      | Zeld the Octopode Gladiator began the quest for the Orb.
     0 | D:1      | Reached XP level 1. HP: 14/14 MP: 1/1
   277 | D:1      | Reached XP level 2. HP: 16/19 MP: 2/2
   552 | D:1      | Reached skill level 4 in Staves
   586 | D:1      | Reached XP level 3. HP: 24/24 MP: 3/3
  1299 | D:2      | Noticed Jessica
  1303 | D:2      | Killed Jessica
  1304 | D:2      | Reached XP level 4. HP: 25/29 MP: 4/4
  1379 | D:2      | Reached skill level 5 in Staves
  1650 | D:2      | Found a white marble altar of Elyvilon.
  1941 | D:3      | Reached XP level 5. HP: 34/34 MP: 5/5
  2629 | D:3      | Slain by a gnoll

Illustrated notes

Levels and vault maps discovered:
D:1:      tarquinn_simple_flora_water_c, layout_basic, minmay_misc_feat_rugged,
          minivault_24
D:2:      layout_rooms, general_overflow_altar, uniq_jessica
D:3:      layout_loops_ring

Skill      XL: |  1  2  3  4 |
---------------+-------------+-----
Staves         | 4 5 |  5.8
Fighting       | |  2.0
Throwing       | |  2.0
Dodging        | |  3.0

Action                   |  1- 3 |  4- 6 || total
-------------------------+-------+-------++-------
Melee: Quarterstaff      |    51 |    53 ||   104
       Constrict         |    12 |    14 ||    26
       Tentacles         |     7 |    13 ||    20
 Stab: Sleeping          |     7 |     4 ||    11
Armor: Skin              |     5 |     4 ||     9
Dodge: Dodged            |    31 |    36 ||    67
